 Dungeon Crawl Stone Soup version 0.31-a0-180-g519b7de00c (webtiles) character file.

Game seed: 4566469439172597856

23 Drazool the Trooper (level 3, 23/39 HPs)
             Began as an Ogre Fighter on June 19, 2023.
             Was a Follower of Vehumet.
             Quit the game on level 1 of the Dungeon.
             The game lasted 00:01:43 (345 turns).

Drazool the Trooper (Ogre Fighter)                   Turns: 345, Time: 00:01:43

Health: 23/39      AC:  3    Str: 22    XL:     3   Next: 0%
Magic:  3/3        EV:  8    Int:  9    God:    Vehumet [*.....]
Gold:   5          SH:  7    Dex:  8    Spells: 2/2 levels left

rFire   . . .        a - +0 flail
rCold   . . .        c - +0 kite shield
rNeg    . . .        b - +0 robe
rPois   .            (helmet restricted)
rElec   .            (no cloak)
rCorr   .            (gloves unavailable)
SInv    .            (boots unavailable)
Will    .....        (no amulet)
Stlth   +            (no ring)
HPRegen 0.26/turn    (no ring)
MPRegen 0.08/turn

%: no passive effects
@: no status effects
A: large, unfitting armour, tough skin 1
a: Renounce Religion


You were on level 1 of the Dungeon.
You worshipped Vehumet.
Vehumet was aware of your devotion.
You visited 1 branch of the dungeon, and saw 1 of its levels.

You collected 5 gold pieces.


Innate Abilities, Weirdness & Mutations

You are too large for most types of armour.
You have tough skin. (AC +1)


   Skills:
 - Level 4.0 Fighting
 + Level 3.0 Maces & Flails
 - Level 2.6 Dodging
 - Level 3.0 Shields


You had 2 spell levels left.
You didn't know any spells.
Your spell library contained the following spells:

 Spells                   Type           Power      Damage    Failure   Level
 Freeze                   Ice            0%         1d3       67%         1
 Summon Small Mammal      Summ           0%         N/A       67%         1
 Alistair's Intoxication  Tmut/Pois      0%         N/A       100%        5
 Spellforged Servitor     Conj/Summ      0%         N/A       100%        7
 Summon Hydra             Summ           0%         N/A       100%        7

Inventory:

Hand Weapons
 a - a +0 flail (weapon)
Armour
 b - a +0 robe (worn)
 c - a +0 kite shield (worn)
Potions
 d - a potion of might

Dungeon Overview and Level Annotations

Branches:
Dungeon (1/15)

Altars:
Vehumet

#.# ######. ......... #
# ..#....##. #.#.#......
........# ......# ##
###††..## .#########
#...@...#
......÷).####.#......#
########...#..######...#
### ###.#...# #.# ..##
#.....# . #..## #...#.##
##..######...#..#.
..................
......####.#..#....


There were no monsters in sight!


Message History

The quokka is moderately wounded.
You block the rat's attack. The quokka bites you.
You hit the quokka but do no damage.
The quokka is moderately wounded.
You block the quokka's attack. The rat bites you but does no damage.
The quokka misses you. The rat bites you but does no damage.
You closely miss the quokka.
The quokka is moderately wounded.
You block the quokka's attack. The rat misses you.
You closely miss the quokka.
The quokka is moderately wounded.
The quokka bites you. You block the rat's attack. The quokka bites you.
You miss the quokka.
The quokka is moderately wounded.
You block the rat's attack. The quokka bites you. The rat closely misses you.
The quokka twitches its whiskers.
The quokka bites you but does no damage.
You hit the quokka.
You kill the quokka!
Vehumet accepts your kill. The rat barely misses you.
The rat closely misses you.
You sock the rat!
You kill the rat!
Vehumet accepts your kill.
You have reached level 3!
Your experience leads to an increase in your attributes!
Increase (S)trength, (I)ntelligence, or (D)exterity?
You feel stronger. x3
Are you sure you want to abandon this character and quit the game? (Confirm with "yes".)

Skill      XL: |  1  2 |
---------------+-------+-----
Maces & Flails | 2 3 |  3.0
Fighting       | |  4.0
Dodging        | |  2.6
Shields        | |  3.0

Action                     || total
---------------------------++-------
  Melee: Flail             ||    73
 Armour: Robe              ||    40
  Dodge: Dodged            ||    54
  Block: Kite shield       ||    61

Levels and vault maps discovered:
D:1:      onia_arrival_mini_spirals, layout_rooms,
          hellmonk_ecumenical_altar_lost_god, minivault_5

Notes
Turn   | Place    | Note
-------+----------+-------------------------------------------
     0 | D:1      | Drazool the Ogre Fighter began the quest for the Orb.
     0 | D:1      | Reached XP level 1. HP: 24/24 MP: 1/1
     9 | D:1      | Got the Anthology of Phantasms and Contamination
    85 | D:1      | Reached skill level 2 in Maces & Flails
   133 | D:1      | Found a faded altar of an unknown god.
   147 | D:1      | Reached XP level 2. HP: 27/32 MP: 2/2
   162 | D:1      | Prayed at the altar of an unknown god.
   162 | D:1      | Became a worshipper of Vehumet
   162 | D:1      | Reached * piety under Vehumet
   162 | D:1      | Offered knowledge of Freeze by Vehumet.
   329 | D:1      | Reached skill level 3 in Maces & Flails
   345 | D:1      | Reached XP level 3. HP: 23/39 MP: 3/3
   345 | D:1      | Quit the game

Vanquished Creatures
  4 bats (D:1)
  An endoplasm (D:1)
  A giant cockroach (D:1)
  2 goblins (D:1)
  A hobgoblin (D:1)
  4 jackals (D:1)
  A kobold (D:1)
  A quokka (D:1)
  2 ball pythons (D:1)
  4 rats (D:1)
21 creatures vanquished.

Table legend: (Time is in decaauts)
 A = Elapsed time spent in this place.
 B = Non-inter-level travel time spent in this place.
 C = Inter-level travel time spent in this place.
 D = Time resting spent in this place.
 E = Time spent auto-exploring this place.
 F = Levels seen in this place.
 G = Mean time per level.
                   A        B        C        D        E       F      G
               +--------+--------+--------+--------+--------+-----+--------+
         Total |    375 |    375 |      0 |      0 |    223 |   1 |  375.0 |
       Dungeon |    375 |    375 |      0 |      0 |    223 |   1 |  375.0 |
               +--------+--------+--------+--------+--------+-----+--------+

Top non-repeatable levels by time:
     D:1: 375 daAuts

Table legend:
 A = Non-vault XP
 B = Vault XP
 C = Vault XP percentage of total XP
 D = Non-vault monster count
 E = Vault monster count
 F = Vault count percentage of total count
                 A         B        C        D         E       F
            +---------+---------+-------+---------+---------+-------
      Total |      34 |       0 |   0.0 |      21 |       0 |   0.0
            +---------+---------+-------+---------+---------+-------
        D:1 |      34 |       0 |   0.0 |      21 |       0 |   0.0
            +---------+---------+-------+---------+---------+-------
